[Event "EYCC Girls-U18 2019"]
[Site "Bratislava"]
[Date "2019.08.06"]
[Round "5.13"]
[White "Kochukova, Anna"]
[Black "Verbin, Valentina"]
[Result "1-0"]
[ECO "B53"]
[WhiteElo "2148"]
[BlackElo "1958"]
[Annotator "NA"]
[PlyCount "77"]
[EventDate "2019.08.02"]
[EventType "swiss"]
[EventCountry "SVK"]
[SourceTitle "playchess.com"]
[Source "ChessBase"]
[SourceQuality "1"]
[TimeControl "40/5400+30:1800+30"]

1. e4 c5 2. Nf3 d6 3. d4 cxd4 4. Qxd4 Bd7 5. c4 Nc6 6. Qe3 Nf6 7. h3 g6 8. Nc3 Bg7 9. Bd3 Rc8 10. Bd2 Nb4 11. O-O Nxd3 12. Qxd3 a6 13. Rfe1 O-O 14. Nd4 Qc7 15. b3 Bc6 16. Rac1 Nd7 17. Bg5 Nc5 18. Qd2 Bxd4 19. Qxd4 Ne6 20. Qe3 Nxg5 21. Qxg5 Qd7 22. Rcd1 Qe6 23. a4 b6 24. Nd5 f6 25. Qe3 b5 26. Qa7 Bd7 27. Nf4 Qe5 28. Qxd7 Qxf4 29. Qxe7 bxc4 30. bxc4 Rfe8 31. Qb7 a5 32. Rb1 Rc5 33. Qd7 Rf8 34. Rb7 Qh6 35. Qxd6 Rg5 36. Qd7 f5 37. e5 f4 38. f3 Rgf5 39. e6 1-0

[Event "EYCC Girls-U18 2019"]
[Site "Bratislava"]
[Date "2019.08.06"]
[Round "5.14"]
[White "Nilssen, Ellen Fredericia"]
[Black "Buchta, Agnieszka"]
[Result "1-0"]
[ECO "A53"]
[WhiteElo "2155"]
[BlackElo "1818"]
[Annotator "NA"]
[PlyCount "107"]
[EventDate "2019.08.02"]
[EventType "swiss"]
[EventCountry "SVK"]
[SourceTitle "playchess.com"]
[Source "ChessBase"]
[SourceQuality "1"]
[TimeControl "40/5400+30:1800+30"]

1. d4 Nf6 2. c4 d6 3. Nc3 Nbd7 4. e4 e5 5. d5 Nc5 6. Bd3 a5 7. Nge2 Be7 8. f3 h6 9. Be3 Nh7 10. Bc2 O-O 11. O-O Bg5 12. f4 exf4 13. Bxc5 dxc5 14. Qd3 Qe7 15. Nxf4 Bxf4 16. Rxf4 Qe5 17. Raf1 Ra6 18. Qe3 Rg6 19. Kh1 b6 20. b3 Nf6 21. Nb1 Ng4 22. Qe2 Rf6 23. g3 g5 24. Rxf6 Nxf6 25. Nd2 g4 26. Kg2 Kg7 27. Qe3 Re8 28. Re1 Re7 29. a3 Nd7 30. Rf1 Nf8 31. b4 axb4 32. axb4 cxb4 33. c5 bxc5 34. Qxc5 Ng6 35. Qxb4 Qd6 36. Qd4+ Qe5 37. Qd3 Qh5 38. Kg1 Ne5 39. Qa3 Qg5 40. Rf2 Re8 41. Qc3 Qe7 42. Nb3 f6 43. Nd4 Rf8 44. Ba4 Rf7 45. Rc2 Kg6 46. Kg2 Ba6 47. Ne6 Bc8 48. Nxc7 f5 49. Be8 fxe4 50. Qe3 Bf5 51. Bxf7+ Qxf7 52. Ra2 Nc4 53. Ra6+ Kg7 54. Qxh6+ 1-0

[Event "EYCC Girls-U18 2019"]
[Site "Bratislava"]
[Date "2019.08.06"]
[Round "5.15"]
[White "Koljevic, Nikolina"]
[Black "Maksimovic, Masa"]
[Result "1/2-1/2"]
[ECO "B06"]
[WhiteElo "1960"]
[BlackElo "2102"]
[Annotator "NA"]
[PlyCount "104"]
[EventDate "2019.08.02"]
[EventType "swiss"]
[EventCountry "SVK"]
[SourceTitle "playchess.com"]
[Source "ChessBase"]
[SourceQuality "1"]
[TimeControl "40/5400+30:1800+30"]

1. e4 g6 2. d4 Bg7 3. Nc3 d6 4. Be3 a6 5. Qd2 b5 6. f3 Bb7 7. g4 h5 8. g5 Nd7 9. h4 e6 10. Bg2 Ne7 11. Rd1 Rc8 12. Nh3 Nb6 13. b3 d5 14. O-O O-O 15. Ne2 Qd7 16. Ng3 Rcd8 17. e5 Rfe8 18. Nf4 Nf5 19. Nxf5 exf5 20. Nd3 Qc8 21. Nc5 Nd7 22. Nxd7 Qxd7 23. b4 Ra8 24. Ra1 Ra7 25. c3 a5 26. a3 Rea8 27. Qb2 Bf8 28. f4 Qc6 29. Bd2 Qb6 30. Kh2 Ra6 31. Rf3 Qa7 32. Rd3 c6 33. Kh1 Be7 34. Kh2 Bc8 35. Kh1 Be6 36. Kh2 Bd8 37. Bc1 Be7 38. Qd2 Qb8 39. Qe1 R8a7 40. Bb2 Qf8 41. Rdd1 Qa8 42. Kh1 Kf8 43. Kh2 Kg7 44. Kh1 Bd7 45. Kh2 axb4 46. axb4 Ra2 47. Rxa2 Rxa2 48. Ra1 Be8 49. Qb1 Ra4 50. Bf3 Rxa1 51. Qxa1 Qxa1 52. Bxa1 Bd7 1/2-1/2

[Event "EYCC Girls-U18 2019"]
[Site "Bratislava"]
[Date "2019.08.06"]
[Round "5.16"]
[White "Koridze, Lile"]
[Black "Palma, Maria"]
[Result "0-1"]
[ECO "E04"]
[WhiteElo "1950"]
[BlackElo "2137"]
[Annotator "NA"]
[PlyCount "66"]
[EventDate "2019.08.02"]
[EventType "swiss"]
[EventCountry "SVK"]
[SourceTitle "playchess.com"]
[Source "ChessBase"]
[SourceQuality "1"]
[TimeControl "40/5400+30:1800+30"]

1. d4 d5 2. c4 e6 3. g3 Nf6 4. Bg2 dxc4 5. Nf3 Bb4+ 6. Bd2 a5 7. O-O O-O 8. Bg5 h6 9. Bxf6 Qxf6 10. Qc2 b5 11. a4 c6 12. axb5 cxb5 13. Ng5 hxg5 14. Bxa8 Qxd4 15. Nc3 Qb6 16. Bg2 Nc6 17. e3 Bb7 18. Ne4 Be7 19. Rfd1 Nb4 20. Qe2 Nd3 21. Rxd3 cxd3 22. Qxd3 Rd8 23. Qb3 Bd5 24. Qc2 Qb7 25. Rd1 Rc8 26. Qb1 b4 27. g4 Qc6 28. Bf3 a4 29. Kg2 f5 30. Rxd5 fxe4 31. Qxe4 Qxd5 32. Qg6 Qe5 33. Bb7 Rd8 0-1

[Event "EYCC Girls-U18 2019"]
[Site "Bratislava"]
[Date "2019.08.06"]
[Round "5.17"]
[White "Nastase, Andreea-Cristina"]
[Black "Rudzinska, Michalina"]
[Result "1/2-1/2"]
[ECO "E84"]
[WhiteElo "1948"]
[BlackElo "2143"]
[Annotator "NA"]
[PlyCount "69"]
[EventDate "2019.08.02"]
[EventType "swiss"]
[EventCountry "SVK"]
[SourceTitle "playchess.com"]
[Source "ChessBase"]
[SourceQuality "1"]
[TimeControl "40/5400+30:1800+30"]

1. d4 Nf6 2. c4 g6 3. Nc3 Bg7 4. e4 d6 5. f3 O-O 6. Be3 Nc6 7. Qd2 a6 8. Nge2 Rb8 9. Bh6 b5 10. Bxg7 Kxg7 11. cxb5 axb5 12. d5 Ne5 13. Nd4 b4 14. Ncb5 e6 15. Nc6 Nxc6 16. dxc6 Rb6 17. Rc1 Nh5 18. g3 f5 19. e5 Ba6 20. Nxc7 Qxc7 21. exd6 Qa7 22. Bxa6 Qxa6 23. d7 Rxc6 24. Rxc6 Qxc6 25. d8=Q Rxd8 26. Qxd8 Qxf3 27. Qd4+ Nf6 28. Rf1 Qg2 29. Qxb4 Ne4 30. Qd4+ Kf7 31. a4 Qc2 32. Qd7+ Kf6 33. Qd4+ Kf7 34. Qd7+ Kf6 35. Qd4+ {[%emt 0:05:49] Ke5} 1/2-1/2

[Event "EYCC Girls-U18 2019"]
[Site "Bratislava"]
[Date "2019.08.06"]
[Round "5.18"]
[White "Golub, Nikolina"]
[Black "Hryshchenko, Kamila"]
[Result "1/2-1/2"]
[ECO "A40"]
[WhiteElo "1856"]
[BlackElo "2060"]
[Annotator "NA"]
[PlyCount "88"]
[EventDate "2019.08.02"]
[EventType "swiss"]
[EventCountry "SVK"]
[SourceTitle "playchess.com"]
[Source "ChessBase"]
[SourceQuality "1"]
[TimeControl "40/5400+30:1800+30"]

1. d4 g6 2. c4 Bg7 3. Nf3 Nf6 4. g3 d6 5. Bg2 O-O 6. O-O c6 7. Nc3 Nbd7 8. Qc2 e5 9. Rd1 Qe7 10. dxe5 dxe5 11. e4 Nc5 12. b4 Ne6 13. Rb1 Nd7 14. c5 Rd8 15. Be3 Ndf8 16. Rxd8 Nxd8 17. Rd1 Bg4 18. h3 Bxf3 19. Bxf3 Nde6 20. Ne2 h5 21. h4 Rd8 22. Rxd8 Qxd8 23. Bg2 a5 24. a3 axb4 25. axb4 Qa8 26. Kh2 Qa1 27. Qc1 Qa2 28. Qd2 Qb1 29. Qc3 Nc7 30. Qc4 Nfe6 31. Bh3 Nd4 32. Nc3 Qc2 33. Bf1 Qb2 34. Nd1 Qb1 35. Nc3 Qa1 36. Bd3 Nf3+ 37. Kg2 Ne1+ 38. Kh2 Ne6 39. Be2 Nd4 40. b5 Nef3+ 41. Bxf3 Nxf3+ 42. Kg2 Ne1+ 43. Kf1 Nc2+ 44. Ke2 Ne1 1/2-1/2

[Event "EYCC Girls-U18 2019"]
[Site "Bratislava"]
[Date "2019.08.06"]
[Round "5.19"]
[White "Sankova, Stella"]
[Black "Chrysogelou, Athanasia-Panagiota"]
[Result "0-1"]
[ECO "B51"]
[WhiteElo "1997"]
[BlackElo "1770"]
[Annotator "NA"]
[PlyCount "66"]
[EventDate "2019.08.02"]
[EventType "swiss"]
[EventCountry "SVK"]
[SourceTitle "playchess.com"]
[Source "ChessBase"]
[SourceQuality "1"]
[TimeControl "40/5400+30:1800+30"]

1. e4 c5 2. Nf3 d6 3. Bb5+ Nd7 4. c3 a6 5. Ba4 b5 6. Bc2 c4 7. b3 Bb7 8. Qe2 Rc8 9. a4 Ngf6 10. axb5 axb5 11. Na3 cxb3 12. Bd3 e6 13. Nd4 Be7 14. Nxb3 Qb6 15. f3 b4 16. Nc4 Qc7 17. cxb4 d5 18. Nca5 dxe4 19. fxe4 Rb8 20. Nxb7 Qxb7 21. Na5 Qc7 22. Bb5 Qb6 23. Bxd7+ Nxd7 24. Ba3 Bxb4 25. Bxb4 Qxb4 26. Nc6 Qb2 27. Qa6 Nc5 28. Qa7 Rb7 29. Qa5 O-O 30. O-O Nb3 31. Qa4 Nxa1 32. Rxa1 Qxd2 33. Qa8 Rb1+ 0-1

[Event "EYCC Girls-U18 2019"]
[Site "Bratislava"]
[Date "2019.08.06"]
[Round "5.20"]
[White "Koubova, Anna Marie"]
[Black "Poliakova, Varvara"]
[Result "1-0"]
[ECO "A85"]
[WhiteElo "2094"]
[BlackElo "1872"]
[Annotator "NA"]
[PlyCount "59"]
[EventDate "2019.08.02"]
[EventType "swiss"]
[EventCountry "SVK"]
[SourceTitle "playchess.com"]
[Source "ChessBase"]
[SourceQuality "1"]
[TimeControl "40/5400+30:1800+30"]

1. d4 f5 2. c4 Nf6 3. Nc3 g6 4. h4 d6 5. h5 Nxh5 6. Rxh5 gxh5 7. e4 fxe4 8. Qxh5+ Kd7 9. Be2 c6 10. Be3 Kc7 11. Nxe4 Nd7 12. Nh3 Nb6 13. Neg5 Qd7 14. Nf4 Qf5 15. Bd3 Qf6 16. d5 Kb8 17. Nge6 c5 18. g4 Qxb2 19. Rb1 Qc3+ 20. Ke2 Bg7 21. g5 Be5 22. Qf7 Bxf4 23. Bxf4 Bxe6 24. Qxe7 Bg4+ 25. f3 Bxf3+ 26. Kxf3 Qxd3+ 27. Kg4 Kc8 28. Qxd6 Qe2+ 29. Kg3 Qd3+ 30. Kh4 1-0

[Event "EYCC Girls-U18 2019"]
[Site "Bratislava"]
[Date "2019.08.06"]
[Round "5.21"]
[White "Kulpa, Zuzanna"]
[Black "Duson, Robin"]
[Result "1/2-1/2"]
[ECO "A79"]
[WhiteElo "1802"]
[BlackElo "1936"]
[Annotator "NA"]
[PlyCount "87"]
[EventDate "2019.08.02"]
[EventType "swiss"]
[EventCountry "SVK"]
[SourceTitle "playchess.com"]
[Source "ChessBase"]
[SourceQuality "1"]
[TimeControl "40/5400+30:1800+30"]

1. d4 Nf6 2. c4 e6 3. Nf3 c5 4. d5 exd5 5. cxd5 d6 6. Nc3 g6 7. Nd2 Bg7 8. e4 O-O 9. Be2 Re8 10. O-O Na6 11. f3 Nc7 12. a4 b6 13. Nc4 Ba6 14. Bg5 Bxc4 15. Bxc4 a6 16. Qd2 Qb8 17. Rfb1 Nd7 18. Bf1 Qb7 19. b4 Bd4+ 20. Kh1 Qa7 21. Ra2 Rec8 22. Be3 Bg7 23. Bh6 Bh8 24. Ra3 Ne8 25. bxc5 bxc5 26. Rab3 Rab8 27. Rxb8 Rxb8 28. Rxb8 Qxb8 29. Nd1 Qb3 30. a5 c4 31. Be3 c3 32. Qe2 Nc7 33. Nf2 Nb5 34. Qc4 Qxc4 35. Bxc4 c2 36. Bxb5 axb5 37. Nd3 Nc5 38. Bxc5 dxc5 39. a6 c4 40. a7 cxd3 41. a8=Q+ Kg7 42. Qa1+ Kg8 43. Qa8+ Kg7 44. Qa1+ 1/2-1/2

[Event "EYCC Girls-U18 2019"]
[Site "Bratislava"]
[Date "2019.08.06"]
[Round "5.22"]
[White "Sibajeva, Marija"]
[Black "Tumova, Anna"]
[Result "1-0"]
[ECO "C03"]
[WhiteElo "2031"]
[BlackElo "1722"]
[Annotator "NA"]
[PlyCount "61"]
[EventDate "2019.08.02"]
[EventType "swiss"]
[EventCountry "SVK"]
[SourceTitle "playchess.com"]
[Source "ChessBase"]
[SourceQuality "1"]
[TimeControl "40/5400+30:1800+30"]

1. e4 e6 2. d4 d5 3. Nd2 a6 4. Ngf3 c5 5. dxc5 Bxc5 6. Bd3 Nf6 7. O-O O-O 8. exd5 exd5 9. h3 Nc6 10. Nb3 Bb6 11. Bg5 h6 12. Bh4 g5 13. Bg3 Ne4 14. Bh2 Qf6 15. c4 Nxf2 16. Rxf2 Bxf2+ 17. Kxf2 dxc4 18. Bxc4 Qxb2+ 19. Kg1 Bf5 20. Qd6 Na5 21. Bf1 Rad8 22. Qxh6 f6 23. Re1 Rf7 24. Nxg5 Rg7 25. Nxa5 b5 26. Nf3 Qc3 27. Nb3 Rg6 28. Qe3 Qc2 29. Nbd4 Qc8 30. Nxf5 Qxf5 31. Nh4 1-0

[Event "EYCC Girls-U18 2019"]
[Site "Bratislava"]
[Date "2019.08.06"]
[Round "5.23"]
[White "Moscicka, Pola"]
[Black "Mocanu, Valeria"]
[Result "1-0"]
[ECO "D35"]
[WhiteElo "1870"]
[BlackElo "1769"]
[Annotator "NA"]
[PlyCount "83"]
[EventDate "2019.08.02"]
[EventType "swiss"]
[EventCountry "SVK"]
[SourceTitle "playchess.com"]
[Source "ChessBase"]
[SourceQuality "1"]
[TimeControl "40/5400+30:1800+30"]

1. d4 d5 2. c4 e6 3. Nc3 Nf6 4. cxd5 exd5 5. Bg5 c6 6. e3 Be7 7. Bd3 h6 8. Bh4 Ne4 9. Bxe7 Qxe7 10. Nge2 Bf5 11. O-O O-O 12. Qc2 Nxc3 13. Nxc3 Bxd3 14. Qxd3 Nd7 15. Rab1 Nb6 16. b4 a6 17. Rb3 Nc4 18. e4 Qd7 19. Re1 b5 20. e5 a5 21. bxa5 Rxa5 22. f4 Qe7 23. f5 b4 24. f6 gxf6 25. Qg3+ Kh7 26. Qd3+ Kh8 27. Qh3 Kh7 28. Qf5+ Kh8 29. Qh3 Kh7 30. Nxd5 cxd5 31. Qf5+ Kh8 32. Rh3 Rg8 33. Rxh6+ Kg7 34. exf6+ Kxh6 35. fxe7 Rxa2 36. Qh3+ Kg7 37. Qg4+ Kh7 38. Qh5+ Kg7 39. Qxd5 Kf6 40. Qc6+ Kf5 41. Rf1+ Kg5 42. Qf6+ 1-0

[Event "EYCC Girls-U18 2019"]
[Site "Bratislava"]
[Date "2019.08.06"]
[Round "5.24"]
[White "Urh, Zala"]
[Black "Balan, Briana-Cleopatra"]
[Result "1-0"]
[ECO "D31"]
[WhiteElo "2072"]
[BlackElo "1869"]
[Annotator "NA"]
[PlyCount "63"]
[EventDate "2019.08.02"]
[EventType "swiss"]
[EventCountry "SVK"]
[SourceTitle "playchess.com"]
[Source "ChessBase"]
[SourceQuality "1"]
[TimeControl "40/5400+30:1800+30"]

1. d4 d5 2. c4 e6 3. Nc3 a6 4. cxd5 exd5 5. Bf4 c6 6. e3 Bd6 7. Bxd6 Qxd6 8. Bd3 Nf6 9. h3 O-O 10. Nf3 Nbd7 11. O-O Re8 12. Qc2 Qe7 13. Rab1 Ne4 14. Na4 h6 15. b4 Qf6 16. Rfc1 Nd6 17. Nc5 Nf8 18. Ne5 Qe7 19. a4 Nd7 20. Nf3 b5 21. Re1 Nc4 22. Bxc4 bxc4 23. e4 Qf6 24. exd5 Rxe1+ 25. Rxe1 Nf8 26. dxc6 Qxc6 27. Ne5 Qf6 28. Qxc4 Bf5 29. Re3 Rc8 30. Rf3 Ne6 31. g4 Qg5 32. Rxf5 1-0

[Event "EYCC Girls-U18 2019"]
[Site "Bratislava"]
[Date "2019.08.08"]
[Round "7.1"]
[White "Badelka, Olga"]
[Black "Sargsyan, Anna M."]
[Result "1-0"]
[ECO "D18"]
[WhiteElo "2386"]
[BlackElo "2229"]
[Annotator "NA"]
[PlyCount "73"]
[EventDate "2019.08.02"]
[EventType "swiss"]
[EventCountry "SVK"]
[SourceTitle "playchess.com"]
[Source "ChessBase"]
[SourceQuality "1"]
[TimeControl "40/5400+30:1800+30"]

1. d4 d5 2. c4 c6 3. Nf3 Nf6 4. Nc3 dxc4 5. a4 Bf5 6. e3 e6 7. Bxc4 Bb4 8. O-O Nbd7 9. Nh4 O-O 10. Nxf5 exf5 11. f3 Nb6 12. Bb3 Qd7 13. a5 Nbd5 14. Qd3 Rad8 15. e4 Nc7 16. e5 Nfd5 17. Rd1 Rfe8 18. Nxd5 Nxd5 19. a6 b5 20. Bg5 Be7 21. Bxe7 Qxe7 22. Rac1 Nf4 23. Qc2 Qg5 24. Kh1 c5 25. g3 Qh5 26. Rf1 Rxd4 27. gxf4 c4 28. Qf2 Rxf4 29. Bd1 Rh4 30. f4 Qh6 31. Rc2 Rd8 32. Bf3 Qxf4 33. Qxa7 g5 34. Qf2 b4 35. a7 b3 36. Re2 Kf8 37. Qg1 1-0

[Event "EYCC Girls-U18 2019"]
[Site "Bratislava"]
[Date "2019.08.08"]
[Round "7.2"]
[White "Sliwicka, Alicja"]
[Black "Goltseva, Ekaterina"]
[Result "1-0"]
[ECO "C15"]
[WhiteElo "2261"]
[BlackElo "2304"]
[Annotator "NA"]
[PlyCount "119"]
[EventDate "2019.08.02"]
[EventType "swiss"]
[EventCountry "SVK"]
[SourceTitle "playchess.com"]
[Source "ChessBase"]
[SourceQuality "1"]
[TimeControl "40/5400+30:1800+30"]

1. e4 e6 2. d4 d5 3. Nc3 Bb4 4. Bd3 dxe4 5. Bxe4 Nf6 6. Bf3 O-O 7. Nge2 e5 8. Bg5 exd4 9. Qxd4 Qxd4 10. Nxd4 Re8+ 11. Nde2 Nbd7 12. O-O-O c6 13. a3 Bc5 14. Nd4 h6 15. Bf4 Ne5 16. Be2 Bd7 17. Rhe1 Rad8 18. f3 Ng6 19. Bg3 Bc8 20. Nb3 Be3+ 21. Kb1 Rxd1+ 22. Rxd1 h5 23. Na5 h4 24. Be1 h3 25. g4 Bf4 26. Bg3 Nd5 27. Bxf4 Nxc3+ 28. bxc3 Nxf4 29. Bf1 Be6 30. c4 f5 31. g5 Bf7 32. Nxb7 Re3 33. Nd8 Bh5 34. Bd3 Bxf3 35. Rd2 Be4 36. Bxe4 fxe4 37. Nxc6 Re1+ 38. Kb2 e3 39. Rd8+ Kh7 40. Re8 Kg6 41. Ne5+ Kh7 42. Nf3 Re2 43. Re4 Nd3+ 44. Kc3 Nf2 45. Rd4 Nh1 46. c5 Rf2 47. Rh4+ Kg6 48. Rxh3 e2 49. Ne5+ Kxg5 50. Nd3 Rf1 51. Re3 Nf2 52. Rxe2 Ng4 53. Kc4 Rf8 54. c6 Nf6 55. Re7 Rc8 56. Kc5 Kf5 57. c7 Ne8 58. Kc6 Kf6 59. Rxe8 Rxe8 60. Kd7 1-0

[Event "EYCC Girls-U18 2019"]
[Site "Bratislava"]
[Date "2019.08.08"]
[Round "7.3"]
[White "Muetsch, Annmarie"]
[Black "Radeva, Viktoria"]
[Result "1-0"]
[ECO "B40"]
[WhiteElo "2266"]
[BlackElo "2247"]
[Annotator "NA"]
[PlyCount "71"]
[EventDate "2019.08.02"]
[EventType "swiss"]
[EventCountry "SVK"]
[SourceTitle "playchess.com"]
[Source "ChessBase"]
[SourceQuality "1"]
[TimeControl "40/5400+30:1800+30"]

1. e4 c5 2. Nf3 e6 3. d4 cxd4 4. Nxd4 Nf6 5. Nc3 Nc6 6. Ndb5 Bc5 7. Nd6+ Ke7 8. Bf4 e5 9. Nf5+ Kf8 10. Bg5 Bb4 11. Bd3 h6 12. Bxf6 Qxf6 13. Ne3 Bxc3+ 14. bxc3 h5 15. Bc4 Ne7 16. h4 d6 17. Rb1 b6 18. Qd3 Bb7 19. Rh3 Ng6 20. Nd5 Bxd5 21. Qxd5 Rd8 22. Qb7 Qe7 23. Qa6 Nxh4 24. Kf1 Ng6 25. Rf3 f6 26. a4 Qc7 27. Ba2 h4 28. a5 Rb8 29. c4 Nf4 30. axb6 axb6 31. c5 dxc5 32. Rfb3 h3 33. gxh3 Rxh3 34. Rxh3 Nxh3 35. Qc4 Nf4 36. Rd1 1-0

[Event "EYCC Girls-U18 2019"]
[Site "Bratislava"]
[Date "2019.08.08"]
[Round "7.4"]
[White "Cramling Bellon, Anna"]
[Black "Kucharska, Honorata"]
[Result "0-1"]
[ECO "E71"]
[WhiteElo "2030"]
[BlackElo "2054"]
[Annotator "NA"]
[PlyCount "94"]
[EventDate "2019.08.02"]
[EventType "swiss"]
[EventCountry "SVK"]
[SourceTitle "playchess.com"]
[Source "ChessBase"]
[SourceQuality "1"]
[TimeControl "40/5400+30:1800+30"]

1. d4 Nf6 2. c4 g6 3. Nc3 Bg7 4. e4 d6 5. h3 O-O 6. Nf3 e5 7. d5 a5 8. Bg5 Na6 9. Be2 Qe8 10. Nd2 Nd7 11. g4 Ndc5 12. Nb3 Nxb3 13. Qxb3 Nc5 14. Qc2 f5 15. f3 Bd7 16. Be3 b6 17. gxf5 gxf5 18. O-O-O f4 19. Bxc5 bxc5 20. Rdg1 Kh8 21. h4 Bh6 22. Bf1 Qh5 23. Qf2 Rg8 24. Kb1 Raf8 25. Ne2 Rg7 26. Rxg7 Bxg7 27. Bh3 Bxh3 28. Rxh3 Bf6 29. Qe1 Ra8 30. Nc3 Qg6 31. Qf1 Rg8 32. Nb5 Qg2 33. Rh1 Qxf1+ 34. Rxf1 Bxh4 35. Nxc7 Bg3 36. Nb5 Rd8 37. Rh1 Kg7 38. Nc3 Kg6 39. Ne2 h5 40. Nxg3 fxg3 41. Rh3 h4 42. Rxh4 Rg8 43. Rh1 Kg5 44. Kc2 g2 45. Rg1 Kf4 46. Kd2 Kxf3 47. Ke1 Rh8 0-1

[Event "EYCC Girls-U18 2019"]
[Site "Bratislava"]
[Date "2019.08.08"]
[Round "7.5"]
[White "Antova, Gabriela"]
[Black "Kochukova, Anna"]
[Result "1-0"]
[ECO "D37"]
[WhiteElo "2257"]
[BlackElo "2148"]
[Annotator "NA"]
[PlyCount "73"]
[EventDate "2019.08.02"]
[EventType "swiss"]
[EventCountry "SVK"]
[SourceTitle "playchess.com"]
[Source "ChessBase"]
[SourceQuality "1"]
[TimeControl "40/5400+30:1800+30"]

1. d4 Nf6 2. c4 e6 3. Nf3 d5 4. Nc3 dxc4 5. e4 b5 6. Bg5 a6 7. e5 h6 8. Bh4 g5 9. Nxg5 hxg5 10. Bxg5 Nbd7 11. exf6 Bb7 12. a4 Bb4 13. h4 Nb6 14. Rh3 Qd5 15. axb5 axb5 16. Rxa8+ Bxa8 17. Re3 Qd6 18. Rg3 Bc6 19. Be2 Na4 20. Qd2 Ba5 21. Kf1 Qb4 22. d5 exd5 23. Qe3+ Kd8 24. Qa7 Nb6 25. Qb8+ Nc8 26. Bg4 Bd7 27. Qa8 c6 28. Qb7 Bxg4 29. Qxf7 Bd7 30. Qg7 Rf8 31. f7+ Kc7 32. Bh6 Rxf7 33. Qxf7 d4 34. Bf4+ Nd6 35. Rg7 Qxb2 36. Qxd7+ Kb6 37. Qa7# 1-0

[Event "EYCC Girls-U18 2019"]
[Site "Bratislava"]
[Date "2019.08.08"]
[Round "7.6"]
[White "Afonasieva, Anna"]
[Black "Sibajeva, Marija"]
[Result "1-0"]
[ECO "A49"]
[WhiteElo "2370"]
[BlackElo "2031"]
[Annotator "NA"]
[PlyCount "69"]
[EventDate "2019.08.02"]
[EventType "swiss"]
[EventCountry "SVK"]
[SourceTitle "playchess.com"]
[Source "ChessBase"]
[SourceQuality "1"]
[TimeControl "40/5400+30:1800+30"]

1. d4 Nf6 2. Nf3 g6 3. g3 Bg7 4. Bg2 d5 5. O-O O-O 6. c3 Nbd7 7. a4 Ne4 8. Bf4 c6 9. Qc1 Re8 10. c4 dxc4 11. Qxc4 Nd6 12. Qc2 e5 13. dxe5 Nxe5 14. Nxe5 Bxe5 15. Bxe5 Rxe5 16. Rd1 Qe7 17. Nc3 Bf5 18. Qb3 Ne4 19. Nxe4 Bxe4 20. Bxe4 Rxe4 21. e3 Rb4 22. Qc3 a5 23. b3 Rd8 24. Qc2 Rxd1+ 25. Rxd1 h5 26. h4 Kg7 27. Rd3 Qe6 28. Qd1 Qf6 29. Rd6 Qc3 30. Rd8 Rxb3 31. Qd6 Kh7 32. Qe7 Rb1+ 33. Kh2 Qg7 34. Rf8 Rb2 35. Kg2 1-0

[Event "EYCC Girls-U18 2019"]
[Site "Bratislava"]
[Date "2019.08.08"]
[Round "7.7"]
[White "Schneider, Jana"]
[Black "Palma, Maria"]
[Result "1/2-1/2"]
[ECO "B66"]
[WhiteElo "2216"]
[BlackElo "2137"]
[Annotator "NA"]
[PlyCount "75"]
[EventDate "2019.08.02"]
[EventType "swiss"]
[EventCountry "SVK"]
[SourceTitle "playchess.com"]
[Source "ChessBase"]
[SourceQuality "1"]
[TimeControl "40/5400+30:1800+30"]

1. e4 c5 2. Nf3 Nc6 3. d4 cxd4 4. Nxd4 Nf6 5. Nc3 d6 6. Bg5 e6 7. Qd2 a6 8. O-O-O Nxd4 9. Qxd4 Be7 10. f4 b5 11. Bxf6 gxf6 12. f5 Qc7 13. fxe6 fxe6 14. e5 fxe5 15. Qg4 Rf8 16. Qh5+ Kd8 17. Bd3 Bd7 18. Bxh7 d5 19. Rhf1 Rxf1 20. Rxf1 Be8 21. Qg4 Qc4 22. Qd1 b4 23. Bd3 Qh4 24. Ne4 Qxh2 25. g4 Ra7 26. Nf2 Bh4 27. Nh1 Bg5+ 28. Kb1 Bf4 29. g5 Bh5 30. Qe1 a5 31. g6 Rg7 32. Rf2 Qh4 33. a3 bxa3 34. Qxa5+ Rc7 35. Qa8+ Rc8 36. Qa5+ Rc7 37. Qa8+ Rc8 38. Qa5+ 1/2-1/2

[Event "EYCC Girls-U18 2019"]
[Site "Bratislava"]
[Date "2019.08.08"]
[Round "7.8"]
[White "Grigorieva, Yulia"]
[Black "Nestorovic, Katarina"]
[Result "1-0"]
[ECO "E14"]
[WhiteElo "2096"]
[BlackElo "2179"]
[Annotator "NA"]
[PlyCount "65"]
[EventDate "2019.08.02"]
[EventType "swiss"]
[EventCountry "SVK"]
[SourceTitle "playchess.com"]
[Source "ChessBase"]
[SourceQuality "1"]
[TimeControl "40/5400+30:1800+30"]

1. d4 Nf6 2. c4 e6 3. Nf3 b6 4. e3 Bb4+ 5. Nbd2 Bb7 6. Bd3 O-O 7. O-O d5 8. cxd5 exd5 9. a3 Bxd2 10. Bxd2 Nbd7 11. b4 Ne4 12. b5 Nxd2 13. Qxd2 a6 14. a4 g6 15. Qc2 Qb8 16. h4 Ra7 17. h5 Kg7 18. Ng5 c5 19. bxc6 Rc8 20. f4 Rxc6 21. Qf2 Nf6 22. hxg6 hxg6 23. f5 Qd6 24. fxg6 fxg6 25. Qh4 Nh5 26. Rf7+ Kg8 27. Raf1 Rc8 28. Qf2 b5 29. Bxg6 Qxg6 30. Rf8+ Kg7 31. Rxc8 Kh6 32. Nf7+ Kg7 33. Rc7 1-0

[Event "EYCC Girls-U18 2019"]
[Site "Bratislava"]
[Date "2019.08.08"]
[Round "7.9"]
[White "Redondo Benavente, Ana"]
[Black "Nilssen, Ellen Fredericia"]
[Result "1/2-1/2"]
[ECO "C15"]
[WhiteElo "2176"]
[BlackElo "2155"]
[Annotator "NA"]
[PlyCount "177"]
[EventDate "2019.08.02"]
[EventType "swiss"]
[EventCountry "SVK"]
[SourceTitle "playchess.com"]
[Source "ChessBase"]
[SourceQuality "1"]
[TimeControl "40/5400+30:1800+30"]

1. e4 e6 2. d4 d5 3. Nc3 Bb4 4. exd5 exd5 5. Bd3 c5 6. dxc5 Nc6 7. Nge2 Nge7 8. Be3 Bxc3+ 9. bxc3 Nf5 10. Qd2 Nxe3 11. Qxe3+ Ne7 12. O-O O-O 13. Nd4 Re8 14. Rfe1 Bd7 15. Qg3 a6 16. Rab1 Rc8 17. Qd6 Rc7 18. Re3 Bc8 19. Rbe1 Rd7 20. Qb6 Rc7 21. Bf5 Rf8 22. Bd3 h6 23. Re5 Kh8 24. R1e3 Ng8 25. Qd6 Nf6 26. Re7 Qxd6 27. cxd6 Rxc3 28. Rc7 Rxc7 29. dxc7 g6 30. Re7 Kg7 31. c4 Re8 32. Rxe8 Nxe8 33. cxd5 Nxc7 34. Be4 Kf6 35. d6 Ne8 36. d7 Bxd7 37. Bxb7 a5 38. Bc6 Bxc6 39. Nxc6 a4 40. Kf1 Ke6 41. Nb4 Kd6 42. Ke2 Kc5 43. Nd3+ Kd4 44. Kd2 Nf6 45. Nb2 a3 46. Nd1 Nd5 47. Kc2 Kc4 48. Kd2 f5 49. Ne3+ Nxe3 50. fxe3 g5 51. Kc2 Kd5 52. Kb3 Ke4 53. Kxa3 Kxe3 54. Kb4 f4 55. a4 g4 56. a5 f3 57. gxf3 gxf3 58. a6 f2 59. a7 f1=Q 60. a8=Q Qf4+ 61. Kb3 Qf7+ 62. Kb2 h5 63. Qa3+ Ke2 64. Qa6+ Kf2 65. Qd6 Qf3 66. Kc2 Kg1 67. Kc1 Qf1+ 68. Kd2 Qf2+ 69. Kd1 h4 70. Qg6+ Kxh2 71. Qd6+ Kh1 72. Qd3 Qg1+ 73. Ke2 Qg2+ 74. Kd1 h3 75. Ke1 Kh2 76. Qf1 Qe4+ 77. Kf2 Qg2+ 78. Ke1 Kg3 79. Qd3+ Qf3 80. Qg6+ Kh2 81. Qc2+ Qg2 82. Qf2 Kh1 83. Qf1+ Qg1 84. Ke2 Kh2 85. Qf2+ Qg2 86. Ke1 Qxf2+ 87. Kxf2 Kh1 88. Kf1 h2 89. Kf2 1/2-1/2

[Event "EYCC Girls-U18 2019"]
[Site "Bratislava"]
[Date "2019.08.08"]
[Round "7.10"]
[White "Beydullayeva, Govhar"]
[Black "Duson, Robin"]
[Result "1-0"]
[ECO "E10"]
[WhiteElo "2282"]
[BlackElo "1936"]
[Annotator "NA"]
[PlyCount "39"]
[EventDate "2019.08.02"]
[EventType "swiss"]
[EventCountry "SVK"]
[SourceTitle "playchess.com"]
[Source "ChessBase"]
[SourceQuality "1"]
[TimeControl "40/5400+30:1800+30"]

1. d4 Nf6 2. c4 e6 3. Nf3 c5 4. Nc3 cxd4 5. Nxd4 Bb4 6. Ndb5 d5 7. cxd5 Nxd5 8. e4 Nxc3 9. bxc3 Bc5 10. Bf4 Na6 11. Nd6+ Ke7 12. Nc4 Qxd1+ 13. Rxd1 Nb8 14. Be2 Nc6 15. O-O f6 16. e5 b5 17. Bf3 bxc4 18. Bxc6 Ba6 19. Rd7+ Ke8 20. Rxa7+ 1-0